 Dungeon Crawl Stone Soup version 0.29-a0-251-g80730f7218 (webtiles) character file.

Game seed: 4914720095696998997

95359 enile the Warrior (level 15, -4/129 HPs)
             Began as a Demonspawn Gladiator on Mar 6, 2022.
             Was a High Priest of Jiyva.
             Slain by an anaconda (8 damage)
             ... on level 1 of the Snake Pit.
             The game lasted 00:44:45 (19662 turns).

enile the Warrior (Demonspawn Gladiator)           Turns: 19662, Time: 00:44:45

Health: -4/129     AC: 11    Str: 24    XL:     15   Next: 29%
Magic:  0/15       EV: 13    Int:  8    God:    Jiyva [*****.]
Gold:   631        SH: 14    Dex: 26    Spells: 14/14 levels left

rFire   + . .      SeeInvis .   G - +4 whip of Matirphe {spect, rF+ rC+}
rCold   + + +      Faith    .   b - +0 tower shield
rNeg    . . .      Spirit   +   C - +0 ring mail of the Griffon {rC+ Regen+ rCorr}
rPois   +          Reflect  .   (helmet unavailable)
rElec   +          Harm     .   X - scarf {repulsion}
rCorr   +          Rampage  .   (no gloves)
Will    ++...                   (no boots)
Stlth   ++++......              h - amulet of guardian spirit
HPRegen 2.55/turn               i - ring of poison resistance
MPRegen 0.59/turn               a - ring of Pock {rElec rC+ Will+ Int-2 Dex+6}

@: lethally poisoned (-4 -> -4), calling ooze, constricted, repel missiles
A: hooves 2, powered by pain 2, sharp scales 3, demonic magic 1, horns 3, agile
2, strong 2, wild magic 2, gelatinous body 1, translucent skin 2, tendrils
}: 1/15 runes: slimy
a: Renounce Religion, Oozemancy, Slimify


You were on level 1 of the Snake Pit.
You worshipped Jiyva.
Jiyva was extremely pleased with you.
You visited 5 branches of the dungeon, and saw 27 of its levels.
You also visited: Sewer.

You collected 1402 gold pieces.
You spent 771 gold pieces at shops.

Inventory:

Hand Weapons
 k - a +1 morningstar
 p - a +3 quarterstaff of chaos
 v - the +8 rapier "Dydet" {flame, rF+ Int+3 SInv}
   (You found it on level 3 of the Dungeon)

   It burns those it strikes, dealing additional fire damage.
   Int:       It affects your intelligence (+3).
   rF:        It protects you from fire.
   SInv:      It lets you see invisible.
 G - the +4 whip of Matirphe (weapon) {spect, rF+ rC+}
   (You found it on level 8 of the Dungeon)

   When its wielder attacks, the weapon's spirit leaps out and strikes again.
   The spirit shares a part of any damage it takes with its wielder.
   rF:        It protects you from fire.
   rC:        It protects you from cold.
 Z - the +7 executioner's axe of Severance {protect, rN++ MP-9 Dex+4}
   (You found it on level 5 of the Pits of Slime)

   It grants its wielder temporary protection when it strikes (+7 to AC).
   Dex:       It affects your dexterity (+4).
   rN:        It greatly protects you from negative energy.
   MP:        It affects your magic capacity (-9).
Armour
 b - a +0 tower shield (worn)
 j - the +0 robe of Baan {Contam Dex+6}
   (You found it on level 2 of the Dungeon)

   Dex:       It affects your dexterity (+6).
   Contam:    It causes magical contamination when unequipped.
 x - a +2 scale mail of cold resistance
 y - the +7 shadow dragon scales "Oticol" {rF+ Stlth++++}
   (You found it on level 5 of the Pits of Slime)

   rF:        It protects you from fire.
   Stlth:     It makes you much more stealthy.
 C - the +0 ring mail of the Griffon (worn) {rC+ Regen+ rCorr}
   (You bought it in a shop on level 2 of the Orcish Mines)

   rC:        It protects you from cold.
   Regen:     It increases your rate of health regeneration.
   rCorr:     It protects you from acid and corrosion.
 N - a +0 plate armour
 S - a +0 chain mail of cold resistance
 X - a scarf of repulsion (worn)
 Y - the +0 robe of Creativity {Rampage rCorr Str+2 Int-4}
   (You found it on level 5 of the Lair of Beasts)

   Str:       It affects your strength (+2).
   Int:       It affects your intelligence (-4).
   rCorr:     It protects you from acid and corrosion.
   Rampage:   It bestows one free step when moving towards enemies.
Jewellery
 a - the ring of Pock (right hand) {rElec rC+ Will+ Int-2 Dex+6}
   (You found it on level 5 of the Pits of Slime)

   [ring of dexterity]

   Int:       It affects your intelligence (-2).
   Dex:       It affects your dexterity (+6).
   rC:        It protects you from cold.
   rElec:     It insulates you from electricity.
   Will:      It increases your willpower.
 h - an amulet of guardian spirit (around neck)
 i - a ring of poison resistance (left hand)
 B - a ring of protection from fire
 M - a ring of magical power
 P - a ring of ice
 U - a ring of flight
 W - an amulet of regeneration
Wands
 d - a wand of charming (4)
 F - a wand of mindburst (1) (quivered)
 H - a wand of iceblast (4)
 V - a wand of polymorph (7)
Scrolls
 c - a scroll of noise {unknown}
 e - 4 scrolls of enchant armour
 f - 11 scrolls of teleportation
 g - 4 scrolls of blinking
 l - 4 scrolls of amnesia
 t - 2 scrolls of torment
 w - 3 scrolls of vulnerability
 D - a scroll of fear
 I - 3 scrolls of identify
 K - a scroll of enchant weapon
 Q - a scroll of summoning
 T - a scroll of immolation
Potions
 m - 3 potions of lignification
 n - 6 potions of curing
 o - 3 potions of might
 s - 5 potions of heal wounds
 u - a potion of invisibility
 z - 6 potions of ambrosia
 A - 2 potions of haste
 E - a potion of berserk rage
 J - a potion of resistance {unknown}
 L - a potion of attraction {unknown}
 O - a potion of flight
 R - a potion of mutation
Miscellaneous
 q - a condenser vane


   Skills:
 - Level 15.0 Fighting
 - Level 5.0 Short Blades
 - Level 10.8(11.0) Maces & Flails
 - Level 3.0(7.5) Staves
 - Level 2.0 Throwing
 - Level 11.0 Armour
 - Level 10.0 Dodging
 - Level 6.0 Stealth
 + Level 0.6 Shields
 - Level 10.5 Evocations


You had 14 spell levels left.
You didn't know any spells.
Your spell library contained the following spells:

 Spells                   Type           Power      Damage    Failure   Level
 Animate Skeleton         Necr           0%         N/A       100%        1
 Magic Dart               Conj           0%         1d3       100%        1
 Pain                     Necr           0%         1d4       100%        1
 Call Imp                 Summ           0%         N/A       100%        2
 Corpse Rot               Necr/Air       0%         N/A       100%        2
 Poisonous Vapours        Pois/Air       0%         N/A       100%        2
 Sublimation of Blood     Necr           0%         N/A       100%        2
 Mephitic Cloud           Conj/Pois/Air  0%         N/A       100%        3
 Ozocubu's Armour         Ice            0%         N/A       100%        3
 Spider Form              Tmut/Pois      0%         N/A       100%        3
 Vampiric Draining        Necr           0%         2d6       100%        3
 Cause Fear               Hex            0%         N/A       100%        4
 Olgreb's Toxic Radiance  Pois           0%         N/A       100%        4
 Petrify                  Tmut/Erth      0%         N/A       100%        4
 Sticky Flame             Conj/Fire      0%         2d3       100%        4
 Irradiate                Conj/Tmut      0%         3d13      100%        5
 Iskenderun's Battlesphe  Conj           0%         2d6       100%        5
 Metabolic Englaciation   Hex/Ice        0%         N/A       100%        5
 Iron Shot                Conj/Erth      0%         9d1       100%        6
 Simulacrum               Ice/Necr       0%         N/A       100%        6
 Statue Form              Tmut/Erth      0%         N/A       100%        6
 Dragon Form              Tmut           0%         N/A       100%        7
 Spellforged Servitor     Conj/Summ      0%         N/A       100%        7
 Dragon's Call            Summ           0%         N/A       100%        9


Dungeon Overview and Level Annotations

Branches:
Dungeon (13/15)            Temple (0/1) D:6            Lair (6/6) D:9
 Shoals (0/4) Lair:2        Snake (1/4) Lair:2        Slime (5/5) Lair:6
    Orc (2/2) D:9             Elf (0/3) Orc:2         Sewer (visited)
 Vaults: D:13-14

Altars:
Cheibriados
Fedhas
Gozag
Makhleb
Nemelex Xobeh
Okawaru
Ru
Trog
Uskayaw
Vehumet
Wu Jian
Yredelemnul
Beogh
Jiyva

Shops:
Orc:1 !   Orc:2 =*[(

Annotations:
Lair:2 exclusion: 3 oklob plants
Lair:5 exclusion: ice statue
Slime:5 Royal Jelly


Innate Abilities, Weirdness & Mutations

You have hoof-like feet.
You sometimes gain power by taking damage.
You are completely covered in razor-sharp scales. (AC +3, Slay +3)
Spells you cast may paralyse adjacent enemies.
You have a pair of large horns on your head.
You are very agile. (Dex +4)
Your muscles are very strong. (Str +4)
Your spells are harder to cast, but more powerful.
Your rubbery body absorbs attacks. (AC +1, EV +1)
Your translucent skin reduces your foes' accuracy. (Stealth+)
You are covered in slimy tendrils that may disarm your opponents.


Message History

The anaconda grabs you. You block the anaconda's attack.
The anaconda constricts you.
The walls burn the black mamba!
You block the black mamba's attack.
The walls burn the black mamba!
The black mamba closely misses you.
The walls burn the black mamba!
You hit the mana viper. You kick the mana viper.
The mana viper is almost dead.
You feel sick.
The walls burn the anaconda! x2; The anaconda bites you!
* * * LOW HITPOINT WARNING * * *
The anaconda constricts you.
* * * LOW HITPOINT WARNING * * *
The walls burn the black mamba!
You block the black mamba's attack.
The walls burn the black mamba!
The black mamba bites you.
* * * LOW HITPOINT WARNING * * *
The walls burn the mana viper!
The walls burn the anaconda!
The anaconda bites you!
* * * LOW HITPOINT WARNING * * *
The anaconda constricts you.
* * * LOW HITPOINT WARNING * * *
The walls burn the black mamba!
You block the black mamba's attack.
The walls burn the black mamba!
You escape the anaconda's grasp.
You feel sick.
The walls burn the black mamba! x2
The walls burn the anaconda!
The walls burn the black mamba! x2
The walls burn the mana viper!
You kill the mana viper!
The walls burn the black mamba! x2; The black mamba misses you.
The walls burn the anaconda!
You block the anaconda's attack. The anaconda completely misses you.
The walls burn the anaconda!
The anaconda grabs you. The anaconda bites you.
* * * LOW HITPOINT WARNING * * *
The anaconda constricts you.
* * * LOW HITPOINT WARNING * * *
The anaconda's grasp on you weakens, but your attempt to escape fails.
You feel less vulnerable to poison.
You feel sick.
The walls burn the black mamba! x3
The walls burn the anaconda!
The anaconda bites you!
* * * LOW HITPOINT WARNING * * *
The anaconda constricts you.
The walls burn the black mamba!
The black mamba bites you but does no damage.
The walls burn the anaconda!
The anaconda bites you!
You die...

#.....# ###.###
###....## #...#
#......# ###.#.###
#......# #.......#
.......#
###.#.#.#.###
..######
#...........# ..#
#.#.#.#.#.#[# .##
#..........|# .#
###.#.#@#.### .#
#..SSSS.# ##
###.#S### # #####
#...# # #...#
*##)##* # #...#
#...S.#
######...###.....#
#...###...##.....#
#.........##.....#


You could see 2 anacondas and 3 black mambas.

Vanquished Creatures
  2 orc warlords
  Nessos (Lair:5)
  3 boulder beetles
  Erolcha (Orc:1)
  3 naga warriors (Snake:1)
  5 hydras
  A centaur warrior (D:13)
  An ice dragon (Lair:5)
  An anaconda (Snake:1)
  4 two-headed ogres
  5 death yaks
  Urug (Orc:2)
  An orc high priest (Orc:2)
  A shock serpent (Snake:1)
  Nergalle (Orc:1)
  3 skeletal warriors (D:13)
  A deep troll (Lair:4)
  2 lindwurms
  10 naga ritualists (Snake:1)
  A deep elf pyromancer (D:13)
  A wolf spider (Lair:3)
  An ugly thing (D:12)
  4 orc sorcerers (Orc:2)
  2 mana vipers (Snake:1)
  3 orc knights (Orc:2)
  A manticore (Lair:2)
  A salamander (Snake:1)
  17 elephants
  A guardian serpent (Snake:1)
  7 black mambas
  20 cane toads
  7 komodo dragons
  A rime drake (Lair:4)
  3 gargoyles
  2 queen bees
  3 meliai (Lair:5)
  8 trolls
  2 tyrant leeches (Lair:6)
  A hornet (Lair:3)
  2 polar bears
  23 blink frogs
  7 dream sheep (Lair:6)
  A vampire (D:12)
  36 yaks
  10 wyverns
  6 wraiths
  3 basilisks
  2 acid dragons
  6 nagas
  5 vampire mosquitoes (Lair:6)
  2 wargs
  8 water moccasins
  A black bear (D:8)
  4 sky beasts
  26 orc warriors
  8 ice beasts (Lair:5)
  4 ogres
  18 wolves
  16 centaurs
  A phantom (D:5)
  Blork the orc (D:4)
  22 bullfrogs
  2 kobold brigands
  2 scorpions
  A gnoll sergeant (D:9)
  2 necrophages (D:6)
  56 killer bees
  2 electric eels (Lair:6)
  4 howler monkeys
  A hound (D:6)
  A gnoll shaman (D:5)
  12 orc priests
  Crazy Yiuf (D:2)
  3 iguanas
  12 orc wizards
  A hell rat (Sewer)
  18 adders
  21 gnolls
  6 river rats
  3 white imps
  3 worms
  3 dart slugs
  61 orcs
  6 endoplasms
  A giant cockroach (D:4)
  9 goblins
  5 hobgoblins
  6 jackals
  15 kobolds
  2 quokkas
  8 ball pythons
  A bat (D:1)
  3 frilled lizards
  11 rats
627 creatures vanquished.

Vanquished Creatures (collateral kills)
  A boulder beetle (Lair:6)
  A cyclops (D:12)
  A cane toad (Lair:6)
  A tyrant leech (Lair:6)
  A water moccasin (Lair:6)
  A necrophage (D:6)
  An orc priest (D:6)
  An adder (D:6)
  An orc (D:6)
9 creatures vanquished.

Vanquished Creatures (others)
  Jorgrun (Orc:1)
  A death yak (Lair:4)
  A naga ritualist (Snake:1)
  A wizard (D:3)
  A cyclops (D:12)
  5 slime creatures
  2 water moccasins (Lair:1)
  An ogre (D:3)
  4 centaurs
  2 bullfrogs
  8 killer bees
  53 jellies
  2 orc priests
  3 orc wizards
  A hound skeleton (D:3)
  2 adders (D:3)
  A river rat (D:3)
  A worm (D:3)
  11 orcs
  4 ball pythons (D:2)
  A bat (D:2)
  A goblin (D:2)
  2 hobgoblins
  A kobold (D:2)
  A quokka (D:2)
  3 training dummies (Orc:2)
  A frilled lizard (D:2)
  2 quokka skeletons (D:3)
  2 rats (D:3)
  108 fungi
  193 plants
  4 withered plants (D:3)
424 creatures vanquished.

Grand Total: 1060 creatures vanquished

Notes
Turn   | Place    | Note
-------+----------+-------------------------------------------
     0 | D:1      | enile the Demonspawn Gladiator began the quest for the Orb.
     0 | D:1      | Reached XP level 1. HP: 16/16 MP: 1/1
   392 | D:1      | Gained mutation: You are partially covered in razor-sharp
                  | scales. (AC +1, Slay +1) [demonic ancestry]
   392 | D:1      | Reached XP level 2. HP: 23/23 MP: 2/2
   482 | D:1      | Reached skill level 3 in Fighting
   743 | D:1      | Reached XP level 3. HP: 27/29 MP: 3/3
  1094 | D:2      | Identified the +0 robe of Baan {Contam Dex+6}
  1664 | D:2      | Found a faded altar of an unknown god.
  1674 | D:2      | Prayed at the altar of an unknown god.
  1674 | D:2      | Became a worshipper of Jiyva Joafov the Shapeless
  1674 | D:2      | Reached * piety under Jiyva
  2101 | D:2      | Found a runed translucent door.
  2102 | D:2      | Noticed Crazy Yiuf
  2196 | D:2      | Killed Crazy Yiuf
  2197 | D:2      | Reached skill level 4 in Fighting
  2197 | D:2      | Reached skill level 1 in Armour
  2197 | D:2      | Reached XP level 4. HP: 37/37 MP: 4/4
  2282 | D:3      | Gained mutation: You sometimes gain a little power by
                  | taking damage. [demonic ancestry]
  2282 | D:3      | Reached XP level 5. HP: 43/43 MP: 5/5
  2301 | D:3      | Found a glowing drain.
  2306 | Sewer    | Entered a sewer
  2306 | Sewer    | Reached ** piety under Jiyva
  2406 | D:3      | Reached skill level 5 in Fighting
  2574 | D:3      | Found a blossoming altar of Fedhas.
  2667 | D:3      | Identified the +8 rapier "Dydet" {flame, rF+ Int+3 SInv}
  2695 | D:3      | Reached skill level 1 in Short Blades
  2913 | D:3      | Found a bloodstained altar of Trog.
  2919 | D:3      | Noticed a wizard
  2925 | D:3      | Killed a wizard
  2977 | D:3      | Reached XP level 6. HP: 47/51 MP: 6/6
  2994 | D:3      | Reached *** piety under Jiyva
  3608 | D:4      | Reached **** piety under Jiyva
  3684 | D:4      | Noticed Blork the orc
  3690 | D:4      | Killed Blork the orc
  3691 | D:4      | Reached skill level 6 in Fighting
  3691 | D:4      | Reached XP level 7. HP: 58/58 MP: 7/7
  4060 | D:5      | Entered Level 5 of the Dungeon
  4076 | D:5      | Found an ornate altar of the Wu Jian Council.
  4209 | D:5      | Gained mutation: You have a small jelly attached to you
                  | that senses nearby items. [Jiyva's grace]
  4209 | D:5      | Gained mutation: You are strong-willed. (Will+) [Jiyva's
                  | grace]
  4209 | D:5      | Gained mutation: You are highly strong-willed. (Will++)
                  | [Jiyva's grace]
  4209 | D:5      | Gained mutation: You are extremely strong-willed. (Will+++)
                  | [Jiyva's grace]
  4755 | D:6      | Reached ***** piety under Jiyva
  4768 | D:6      | Reached XP level 8. HP: 46/65 MP: 6/8
  4785 | D:6      | Reached skill level 7 in Fighting
  4893 | D:6      | Found a staircase to the Ecumenical Temple.
  4902 | D:6      | Reached skill level 5 in Dodging
  5004 | D:6      | Reached skill level 5 in Short Blades
  5004 | D:6      | Reached skill level 1 in Stealth
  5311 | D:7      | Found a sacrificial altar of Ru.
  5344 | D:7      | Reached skill level 1 in Evocations
  5349 | D:7      | Gained mutation: You sometimes gain power by taking damage.
                  | [demonic ancestry]
  5349 | D:7      | Reached XP level 9. HP: 72/72 MP: 7/9
  5449 | D:7      | Found an iron altar of Okawaru.
  5601 | D:7      | Gained mutation: Your rubbery body absorbs attacks. (AC +1,
                  | EV +1) [Jiyva's grace]
  5601 | D:7      | Gained mutation: Your pliable body absorbs attacks. (AC +2,
                  | EV +2) [Jiyva's grace]
  5601 | D:7      | Gained mutation: Your gelatinous body deflects attacks. (AC
                  | +3, EV +3) [Jiyva's grace]
  5601 | D:7      | Gained mutation: You have hidden genetic potential.
                  | [Jiyva's grace]
  5788 | D:8      | Identified the +4 whip of Matirphe {spect, rF+ rC+}
  5862 | D:8      | Reached skill level 5 in Evocations
  6038 | D:8      | Reached skill level 5 in Armour
  6062 | D:8      | Found a burning altar of Makhleb.
  6211 | D:8      | Found a snail-covered altar of Cheibriados.
  6466 | D:9      | Found a staircase to the Orcish Mines.
  6556 | D:9      | Reached skill level 8 in Fighting
  6556 | D:9      | Gained mutation: You have large cloven feet. [demonic
                  | ancestry]
  6556 | D:9      | Reached XP level 10. HP: 54/80 MP: 8/10
  6683 | D:9      | Identified the +3 scale mail "Tielim" {Dex+5}
  6710 | D:9      | Gained mutation: You have an increased reservoir of magic.
                  | (+10% MP) [hidden potential]
  6779 | D:9      | Reached ****** piety under Jiyva
  6820 | D:9      | Found a sparkling altar of Nemelex Xobeh.
  6977 | D:9      | Reached skill level 9 in Fighting
  7141 | D:9      | Found a basalt altar of Yredelemnul.
  7142 | D:9      | Found a radiant altar of Vehumet.
  7145 | D:9      | Found a hide-covered altar of Uskayaw.
  7145 | D:9      | Found an opulent altar of Gozag.
  7170 | D:9      | Found a staircase to the Lair.
  7227 | D:10     | Entered Level 10 of the Dungeon
  7284 | D:10     | Lost mutation: Your gelatinous body deflects attacks. (AC
                  | +3, EV +3) [Jiyva's grace]
  7284 | D:10     | Gained mutation: You possess an exceptional clarity of
                  | mind. [Jiyva's grace]
  7284 | D:10     | Gained mutation: Your melee attacks may engulf your foes in
                  | ooze. [Jiyva's grace]
  7284 | D:10     | Gained mutation: You are partially covered in large bone
                  | plates. (SH +4) [Jiyva's grace]
  7284 | D:10     | Gained mutation: You are mostly covered in large bone
                  | plates. (SH +6) [Jiyva's grace]
  7407 | D:10     | Noticed a two-headed ogre
  7415 | D:10     | Killed a two-headed ogre
  7736 | D:11     | Noticed a boulder beetle
  7797 | Lair:1   | Entered Level 1 of the Lair of Beasts
  7803 | Lair:1   | Noticed an eight-headed hydra
  7811 | Lair:1   | Killed an eight-headed hydra
  7872 | Lair:1   | Noticed a cane toad
  7882 | Lair:1   | Killed a cane toad
  7883 | Lair:1   | Reached skill level 10 in Fighting
  7990 | Lair:1   | Noticed a cane toad
  7996 | Lair:1   | Killed a cane toad
  8043 | Lair:1   | Gained mutation: You are mostly covered in razor-sharp
                  | scales. (AC +2, Slay +2) [demonic ancestry]
  8043 | Lair:1   | Reached XP level 11. HP: 86/91 MP: 10/12
  8057 | Lair:1   | Noticed an eight-headed hydra
  8141 | Lair:1   | Slimified an eight-headed hydra
  8141 | Lair:1   | Noticed an acid blob
  8141 | Lair:1   | an eight-headed hydra changed into an acid blob
  8174 | Lair:1   | Gained mutation: You have a somewhat thin skeletal
                  | structure. (Dex +2, Stealth+) [hidden potential]
  8174 | Lair:1   | Lost mutation: You have hidden genetic potential. [hidden
                  | potential expressed]
  8261 | Lair:1   | Reached skill level 11 in Fighting
  8749 | Lair:2   | Reached skill level 12 in Fighting
  8762 | Lair:2   | Found a staircase to the Shoals.
  8769 | Lair:2   | Noticed a boulder beetle
  8813 | Lair:2   | Killed a boulder beetle
  8828 | Lair:2   | Lost mutation: You have a somewhat thin skeletal structure.
                  | (Dex +2, Stealth+) [Jiyva's grace]
  8828 | Lair:2   | Lost mutation: You have an increased reservoir of magic.
                  | (+10% MP) [Jiyva's grace]
  8828 | Lair:2   | Lost mutation: You are extremely strong-willed. (Will+++)
                  | [Jiyva's grace]
  8828 | Lair:2   | Gained mutation: You are completely covered in large bone
                  | plates. (SH +8) [Jiyva's grace]
  8828 | Lair:2   | Gained mutation: Your translucent skin slightly reduces
                  | your foes' accuracy. (Stealth+) [Jiyva's grace]
  8828 | Lair:2   | Gained mutation: Your translucent skin reduces your foes'
                  | accuracy. (Stealth+) [Jiyva's grace]
  8828 | Lair:2   | Gained mutation: Your transparent skin significantly
                  | reduces your foes' accuracy. (Stealth+) [Jiyva's grace]
  8974 | Lair:2   | Reached skill level 5 in Stealth
  9171 | Lair:2   | Reached skill level 5 in Maces & Flails
  9171 | Lair:2   | Gained mutation: You are completely covered in razor-sharp
                  | scales. (AC +3, Slay +3) [demonic ancestry]
  9171 | Lair:2   | Reached XP level 12. HP: 102/102 MP: 12/12
  9550 | Lair:2   | Reached skill level 13 in Fighting
  9599 | Lair:2   | Found a staircase to the Snake Pit.
 10045 | Lair:3   | You fall into a shaft and drop 1 floor!
 10052 | Lair:4   | Noticed a five-headed hydra
 10067 | Lair:4   | Killed a five-headed hydra
 10202 | Lair:3   | Reached skill level 14 in Fighting
 10878 | Lair:3   | Lost mutation: You are completely covered in large bone
                  | plates. (SH +8) [Jiyva's grace]
 10878 | Lair:3   | Lost mutation: You are mostly covered in large bone plates.
                  | (SH +6) [Jiyva's grace]
 10878 | Lair:3   | Lost mutation: You are highly strong-willed. (Will++)
                  | [Jiyva's grace]
 10878 | Lair:3   | Lost mutation: Your transparent skin significantly reduces
                  | your foes' accuracy. (Stealth+) [Jiyva's grace]
 10878 | Lair:3   | Lost mutation: Your melee attacks may engulf your foes in
                  | ooze. [Jiyva's grace]
 10878 | Lair:3   | Gained mutation: Your spells are a little harder to cast,
                  | but a little more powerful. [Jiyva's grace]
 10878 | Lair:3   | Gained mutation: Your spells are harder to cast, but more
                  | powerful. [Jiyva's grace]
 10878 | Lair:3   | Gained mutation: Your spells are much harder to cast, but
                  | much more powerful. [Jiyva's grace]
 10878 | Lair:3   | Gained mutation: You have an increased reservoir of magic.
                  | (+10% MP) [Jiyva's grace]
 10968 | Lair:3   | Reached XP level 13. HP: 105/113 MP: 14/14
 11371 | Lair:4   | Noticed an azure jelly
 11371 | Lair:4   | a catoblepas changed into an azure jelly
 12474 | Lair:5   | Noticed Nessos
 12496 | Lair:5   | Identified the +0 robe of Creativity {Rampage rCorr Str+2
                  | Int-4}
 12500 | Lair:5   | Killed Nessos
 13116 | Lair:5   | Lost mutation: You are strong-willed. (Will+) [potion of
                  | mutation]
 13116 | Lair:5   | Lost mutation: You possess an exceptional clarity of mind.
                  | [potion of mutation]
 13116 | Lair:5   | Lost mutation: Your pliable body absorbs attacks. (AC +2,
                  | EV +2) [potion of mutation]
 13143 | Lair:6   | Entered Level 6 of the Lair of Beasts
 13275 | Lair:6   | Reached skill level 10 in Dodging
 13426 | Lair:6   | Gained mutation: Spells you cast may paralyse adjacent
                  | enemies. [demonic ancestry]
 13426 | Lair:6   | Reached XP level 14. HP: 67/120 MP: 11/15
 13579 | Lair:6   | Found a viscous altar of Jiyva.
 13579 | Lair:6   | Found a staircase to the Slime Pits.
 13796 | Lair:6   | Got the Handbook of Parts Unknown
 14007 | Lair:6   | Reached skill level 10 in Evocations
 14029 | Lair:6   | Lost mutation: You have an increased reservoir of magic.
                  | (+10% MP) [Jiyva's grace]
 14029 | Lair:6   | Gained mutation: You are agile. (Dex +2) [Jiyva's grace]
 14029 | Lair:6   | Gained mutation: You are very agile. (Dex +4) [Jiyva's
                  | grace]
 14029 | Lair:6   | Gained mutation: Your muscles are strong. (Str +2) [Jiyva's
                  | grace]
 14029 | Lair:6   | Gained mutation: Your muscles are very strong. (Str +4)
                  | [Jiyva's grace]
 14858 | Orc:1    | Entered Level 1 of the Orcish Mines
 14858 | Orc:1    | Noticed Nergalle
 14860 | Orc:1    | Found Siecseach's Distillery.
 14869 | Orc:1    | Killed Nergalle
 14877 | Orc:1    | Bought a potion of flight for 45 gold pieces
 14877 | Orc:1    | Bought 2 potions of mutation for 240 gold pieces
 14877 | Orc:1    | Lost mutation: You have a small jelly attached to you that
                  | senses nearby items. [potion of mutation]
 14877 | Orc:1    | Lost mutation: You are partially covered in large bone
                  | plates. (SH +4) [potion of mutation]
 14915 | Orc:1    | Noticed Erolcha
 14925 | Orc:1    | Killed Erolcha
 15047 | Orc:2    | Entered Level 2 of the Orcish Mines
 15054 | Orc:2    | Paralysed by an orc sorcerer for 3 turns
 15100 | Orc:2    | Noticed an orc warlord
 15107 | Orc:2    | Noticed Jorgrun
 15113 | Orc:2    | Noticed Josephine
 15142 | Orc:1    | Slimified Josephine
 15142 | Orc:1    | Noticed Josephine
 15142 | Orc:1    | Josephine changed into Josephine the azure jelly
 15145 | Orc:1    | Killed Jorgrun
 15156 | Orc:1    | Killed an orc warlord
 15216 | Orc:2    | Reached skill level 15 in Fighting
 15283 | Orc:2    | Found a staircase to the Elven Halls.
 15362 | Orc:2    | Noticed an orc warlord
 15381 | Orc:2    | Was placed under penance by Jiyva
 15388 | Orc:1    | You fall into a shaft and drop 1 floor!
 15859 | Orc:2    | Was forgiven by Jiyva
 15894 | Orc:2    | Killed an orc warlord
 15897 | Orc:2    | Reached skill level 10 in Armour
 16002 | Orc:2    | Found Guuklicu's Antique Armour Boutique.
 16029 | Orc:2    | Bought a bloodstained ring mail for 198 gold pieces
 16029 | Orc:2    | Identified the +0 ring mail of the Griffon {rC+ Regen+
                  | rCorr} (You bought it in a shop on level 2 of the Orcish
                  | Mines)
 16053 | Orc:2    | Found Xayqey's Antique Weapon Boutique.
 16088 | Orc:2    | Noticed Urug
 16101 | Orc:2    | Killed Urug
 16169 | Orc:2    | Found Enenikk's Firing Range.
 16255 | Orc:2    | Found Likkozisia's Jewellery Boutique.
 16270 | Orc:2    | Found Fuki Fyrr's General Store.
 16277 | Orc:2    | Bought a scroll of identify for 26 gold pieces
 16437 | Orc:2    | Bought a ring of flight for 262 gold pieces
 16637 | Slime:1  | Entered Level 1 of the Pits of Slime
 16664 | Slime:1  | Noticed an azure jelly
 16674 | Slime:1  | Noticed an acid blob
 16703 | Slime:1  | Noticed an acid blob
 16705 | Slime:1  | Noticed a quicksilver ooze
 16725 | Slime:2  | Noticed a rockslime
 16733 | Slime:2  | Noticed an azure jelly
 16737 | Slime:2  | Noticed a quicksilver ooze
 16774 | Slime:2  | Noticed a quicksilver ooze
 16791 | Slime:4  | Noticed a quicksilver ooze
 16797 | Slime:4  | Noticed an azure jelly
 16857 | Slime:5  | Entered Level 5 of the Pits of Slime
 16857 | Slime:5  | Noticed a quicksilver ooze
 16861 | Slime:5  | Noticed an azure jelly
 16866 | Slime:5  | Noticed an azure jelly
 16874 | Slime:5  | Noticed an acid blob
 16874 | Slime:5  | Noticed a rockslime
 16876 | Slime:5  | Found a viscous altar of Jiyva.
 16877 | Slime:5  | Noticed an acid blob
 16877 | Slime:5  | Noticed the Royal Jelly
 16878 | Slime:5  | Noticed an acid blob
 16878 | Slime:5  | Noticed an acid blob
 16878 | Slime:5  | Noticed an azure jelly
 16883 | Slime:5  | Identified the +7 executioner's axe of Severance {protect,
                  | rN++ MP-9 Dex+4}
 16887 | Slime:5  | Identified the +1 robe of Qej Ysch {Drain rPois rN+ Str+2}
 16887 | Slime:5  | Noticed a rockslime
 16890 | Slime:5  | Noticed a rockslime
 16894 | Slime:5  | Identified the ring of Pock {rElec rC+ Will+ Int-2 Dex+6}
 16898 | Slime:5  | Identified the +7 shadow dragon scales "Oticol" {rF+
                  | Stlth++++}
 16901 | Slime:5  | Identified the +3 leather armour of the Imp {MP+9 Dex+4
                  | Stlth-}
 16903 | Slime:5  | Noticed an acid blob
 16903 | Slime:5  | Noticed an azure jelly
 16913 | Slime:5  | Got a slimy rune of Zot
 18103 | D:12     | Lost mutation: Your spells are much harder to cast, but
                  | much more powerful. [Jiyva's grace]
 18103 | D:12     | Gained mutation: You have a pair of small horns on your
                  | head. [Jiyva's grace]
 18103 | D:12     | Gained mutation: You have a pair of horns on your head.
                  | [Jiyva's grace]
 18103 | D:12     | Gained mutation: You have a pair of large horns on your
                  | head. [Jiyva's grace]
 18103 | D:12     | Gained mutation: You are covered in slimy tendrils that may
                  | disarm your opponents. [Jiyva's grace]
 18583 | D:13     | Gained mutation: You have hoof-like feet. [demonic
                  | ancestry]
 18583 | D:13     | Reached XP level 15. HP: 116/129 MP: 15/15
 18930 | Snake:1  | Entered Level 1 of the Snake Pit
 18983 | Snake:1  | Reached skill level 10 in Maces & Flails
 19662 | Snake:1  | HP: 4/129 [anaconda (11)]
 19662 | Snake:1  | Slain by an anaconda

Illustrated notes

Levels and vault maps discovered:
D:1:      eino_arrival_cavern_d, layout_rooms, serial_forest,
          infiniplex_forest_lined_2, infiniplex_forest_lined_ring,
          infiniplex_forest_diagonal, infiniplex_forest_straight_3,
          infiniplex_forest_corner_1
D:2:      minmay_inner_zag, layout_basic, ebering_ecumenical_altar_rust,
          uniq_crazy_yiuf_cottage
D:3:      layout_loops_corners, trog_wizard, fedhas_altar_3, serial_undead,
          serial_undead_b, serial_undead_d, serial_undead_d, serial_undead_d,
          lightli_sewer_entry_pipes
D:4:      layout_cave_pools, grunt_ministairs_5, kennysheep_generic_room_5,
          uniq_blork_the_orc
D:5:      layout_layer_cave, nicolae_wu_jian_wuxing_cycle,
          kennysheep_generic_room_6
D:6:      layout_cave_pools, minmay_temple_entry_butterflies
D:7:      layout_cave_pools, mainiacjoe_overflow_cross_hatched,
          amcnicky_altar_gilded
D:8:      layout_basic, kennysheep_slug_shrine, overflow_temple_1_default
D:9:      layout_long_grid, nemelex_xobeh_ov_fountains_minmay,
          chequers_temple_overflow_statue_of_worship, lair_entry_dummy,
          david_orc_5, chequers_serial_rivers_micro_b, nrook_uturn
D:10:     layout_cave_pools
D:11:     layout_basic
D:12:     layout_basic
D:13:     layout_basic
Lair:1:   layout_hall_layers, minivault_27, grunt_megastairs_1
Lair:2:   hangedman_what_comes_after_a, layout_cave_pods,
          minmay_shoals_entry_centaurs, minmay_snake_entry_guardpost_medium,
          nicolae_quartered_pool_impasse
Lair:3:   minmay_lair_venomous_thicket, layout_layer_cave, nicolae_lair_lindhole
Lair:4:   dreamdust_cave_troll, layout_big_grid, grunt_megastairs_4
Lair:5:   layout_loops_ring, special_room [special_room_bee], ice2_lemuel,
          serial_bayou_shore_b, lemuel_fruit_tree, uniq_nessos
Lair:6:   minmay_lair_end_frog_pond, layout_hall_layers, slime_altar_1
Snake:1:  layout_misc_corridors, nicolae_snake_naga_rites
Slime:1:  layout_caves
Slime:2:  layout_caves
Slime:3:  layout_caves, nicolae_slime_phagocytosis
Slime:4:  layout_caves, cheibrodos_slime_lost_civilization_5
Slime:5
Orc:1:    layout_caves, serial_shops, nicolae_shop_stone, uniq_erolcha,
          uniq_maurice, uniq_fannar, uniq_nergalle
Orc:2:    grunt_orc_cross, layout_caves, nicolae_shop_firing_range,
          uniq_jorgrun, uniq_urug, uniq_josephine

Skill      XL: |  1  2  3  4  5  6  7  8  9 10 11 12 13 14 15 |
---------------+----------------------------------------------+-----
Fighting       | 3 4 5 6 7 8 10 12 14 15 | 15.0
Dodging        | 3 5 6 8 10 | 10.0
Armour         | 1 2 4 6 7 9 11 | 11.0
Staves         | 3 |  3.0
Short Blades   | 1 3 4 5 |  5.0
Throwing       | 2 |  2.0
Stealth        | 3 4 5 6 |  6.0
Evocations     | 1 5 6 8 10 | 10.5
Maces & Flails | 2 5 6 8 9 10 | 10.8
Shields        | |  0.6

Action                   |  1- 3 |  4- 6 |  7- 9 | 10-12 | 13-15 || total
-------------------------+-------+-------+-------+-------+-------++-------
Melee: Quarterstaff      |   118 |    66 |       |       |       ||   184
       Rapier            |       |    64 |   134 |       |       ||   198
       Punch             |       |       |     2 |    11 |    17 ||    30
       Whip              |       |       |   169 |   738 |   990 ||  1897
       Kick              |       |       |       |   306 |   491 ||   797
       Headbutt          |       |       |       |       |    60 ||    60
Throw: Throwing net      |     3 |     1 |       |       |       ||     4
       Dart              |       |       |     2 |     4 |     3 ||     9
Invok: Oozemancy         |       |       |     1 |       |     4 ||     5
       Slimify           |       |       |       |     2 |     5 ||     7
Evoke: Wand              |       |       |       |     6 |    27 ||    33
  Use: Potion            |     1 |       |       |       |     8 ||     9
       Scroll            |       |       |     3 |     4 |    10 ||    17
 Stab: Sleeping          |     2 |       |       |     5 |    10 ||    17
       Held in net/web   |     2 |     1 |       |       |       ||     3
       Paralysed         |       |     1 |       |       |       ||     1
       Distracted        |       |       |       |     5 |    23 ||    28
       Petrified         |       |       |       |       |     3 ||     3
Armor: Leather armour    |    53 |    27 |       |       |       ||    80
       Scale mail        |       |     2 |   137 |   280 |   230 ||   649
       Ring mail         |       |       |       |       |    20 ||    20
Dodge: Dodged            |    87 |    73 |   233 |   690 |   901 ||  1984
       Repelled          |       |       |       |       |    16 ||    16
Block: Other             |       |       |       |   331 |    82 ||   413
       Tower shield      |       |       |       |       |    54 ||    54

Table legend: (Time is in decaauts)
 A = Elapsed time spent in this place.
 B = Non-inter-level travel time spent in this place.
 C = Inter-level travel time spent in this place.
 D = Time resting spent in this place.
 E = Time spent auto-exploring this place.
 F = Levels seen in this place.
 G = Mean time per level.
                   A        B        C        D        E       F      G
               +--------+--------+--------+--------+--------+-----+--------+
         Total |  19394 |  17916 |   1478 |    324 |  13057 |  28 |  692.6 |
       Dungeon |   9566 |   8942 |    624 |     11 |   7112 |  13 |  735.8 |
          Lair |   7115 |   6466 |    649 |    271 |   4262 |   6 | 1185.8 |
     Snake Pit |    694 |    694 |      0 |      0 |    467 |   1 |  694.0 |
    Slime Pits |    368 |    246 |    122 |      0 |    166 |   5 |   73.6 |
  Orcish Mines |   1548 |   1467 |     81 |     42 |    988 |   2 |  774.0 |
         Sewer |    100 |    100 |      0 |      0 |     60 |   1 |  100.0 |
               +--------+--------+--------+--------+--------+-----+--------+

Top non-repeatable levels by time:
  Lair:6: 1343 daAuts
  Lair:3: 1296 daAuts
   Orc:2: 1269 daAuts
  Lair:2: 1262 daAuts
     D:2: 1159 daAuts
  Lair:5: 1151 daAuts
  Lair:1: 1098 daAuts
     D:1: 1090 daAuts
     D:3: 1034 daAuts
     D:9: 1015 daAuts
  Lair:4: 962 daAuts
    D:11: 842 daAuts
     D:4: 756 daAuts
     D:8: 708 daAuts
 Snake:1: 694 daAuts
